AoeStats
← So sad

Pilgrims

508270652Analyzed
3v3 RM · 10d ago on Sep 21, 2026· 46m 46s· 6 players
Game mode
Random Map
Map size
Normal (6 player)
Population
200
Speed
Normal
Resources
Standard
Victory
Conquest
Starting age
Dark Age
Ending age
Imperial Age
RankedLock teamsTeams togetherTeam positionsShared explorationLock speedFull tech treeHidden civsTurbo modeCheats
Victory
Defeat
🇺🇦 Jurchens · Ukraine
1394
+12
🇧🇾 Dravidians · Belarus
1383
+13
🇧🇾 Cumans · Belarus
1375
+13
🇧🇪 Vikings · Belgium
1326
-13
🇳🇱 Ethiopians · Netherlands
1317
-13
🇦🇷 Berbers · Argentina
1296
-12
Agus Talleres 2
4:18 Loom
12:28 Feudal Age
13:05 Double-Bit Axe
17:55 Castle Age
18:57 Medium Warships
19:03 Bow Saw
20:53 Fletching
24:35 Bodkin Arrow
24:41 Padded Archer Armor
31:58 Imperial Age
Professor Chaos
5:16 Loom
11:33 Feudal Age
12:04 Town Watch
12:06 Double-Bit Axe
16:05 Castle Age
14:11 Horse Collar
14:24 Fletching
15:05 Fishing Lines
16:49 Bodkin Arrow
17:17 Heavy Plow
18:25 Medium Warships
18:07 Gillnets
19:57 Bow Saw
21:20 Forging
22:30 Pikeman
28:38 Imperial Age
27:49 Iron Casting
27:49 Town Patrol
28:05 Squires
28:07 Scale Mail Armor
28:56 Padded Archer Armor
33:41 Blast Furnace
32:57 Chain Mail Armor
36:03 Bracer
36:52 Caravan
40:29 Plate Mail Armor
39:51 Crossbowman
41:23 Ballistics
41:52 Leather Archer Armor
42:39 Chemistry
43:21 Ring Archer Armor
43:35 Arbalester
44:56 Masonry
45:16 Chieftains
kuijn
2:42 Loom
11:22 Feudal Age
12:12 Double-Bit Axe
12:12 Horse Collar
18:53 Castle Age
19:04 Crossbowman
19:50 Thumb Ring
19:37 Fletching
21:20 Bodkin Arrow
24:11 Medium Warships
24:41 Bow Saw
29:04 Wheelbarrow
28:48 Fishing Lines
38:08 Ballistics
37:54 Gold Mining
37:55 Stone Mining
38:02 Gillnets
39:08 Hand Cart
38:39 Town Watch
42:14 Elite Skirmisher
NiL
8:13 Loom
10:19 Feudal Age
12:12 Forging
14:06 Castle Age
11:55 Fishing Lines
13:25 Fletching
13:51 Double-Bit Axe
14:02 Stone Mining
13:57 Horse Collar
14:27 Scale Barding Armor
15:04 Medium Warships
15:03 Gillnets
16:00 Wheelbarrow
18:13 Chain Barding Armor
19:07 Gold Mining
23:43 Bloodlines
24:58 Iron Casting
25:47 Bloodlines
26:05 Bodkin Arrow
26:40 Husbandry
30:18 Hand Cart
29:49 Town Watch
34:59 Imperial Age
37:01 Blast Furnace
36:23 Elite Steppe Lancer
40:43 Plate Barding Armor
44:40 Bracer
44:40 Padded Archer Armor
HURMA
12:19 Feudal Age
12:31 Loom
12:29 Man-at-Arms
13:04 Gold Mining
12:55 Fishing Lines
13:09 Double-Bit Axe
14:02 Wheelbarrow
13:57 Forging
13:49 Scale Mail Armor
18:00 Castle Age
15:59 Fletching
16:10 Padded Archer Armor
18:50 Medium Warships
18:31 Gillnets
18:51 Medium Warships
18:31 Gillnets
18:55 Bow Saw
20:19 Bodkin Arrow
21:04 Thumb Ring
21:42 Leather Archer Armor
21:55 Stone Mining
22:03 Elite Skirmisher
23:55 Ballistics
24:47 Scale Mail Armor
26:04 Hand Cart
25:59 Town Watch
28:01 Scale Barding Armor
28:32 Iron Casting
28:47 Masonry
28:23 Horse Collar
33:08 Iron Casting
32:53 Chain Barding Armor
35:17 Imperial Age
35:23 Chain Barding Armor
35:24 Clinker Construction
35:24 Careening
36:10 Bracer
37:00 Heavy Warships
37:02 Medical Corps
37:25 Heavy Plow
37:40 Guilds
38:19 Ring Archer Armor
38:37 Conscription
40:01 Blast Furnace
39:03 Scale Mail Armor
39:46 Elite Elephant Archer
41:26 Carvel Hull
43:28 Shipwright
43:29 Dry Dock
44:10 Chemistry
43:30 Chain Mail Armor
44:01 Siege Elephant
46:09 Coinage
46:24 Plate Mail Armor
So sad
3:43 Loom
12:41 Feudal Age
13:23 Town Watch
18:52 Castle Age
31:55 Fletching
42:28 Wheelbarrow
45:26 Fishing Lines
46:30 Hand Cart
Connection lost

Rejoining the realm…

Still unreachable

The connection could not be restored.

Session expired

The server has moved on; the page needs a fresh start.